 Dungeon Crawl Stone Soup version 0.28-a0-29-g0adfcbbeba (webtiles) character file.

Game seed: 3347149630314379981

3 MacCMillion the Chiller (level 1, 0/10 HPs)
             Began as a Gargoyle Ice Elementalist on July 27, 2021.
             Slain by a quokka (2 damage)
             ... on level 1 of the Dungeon.
             The game lasted 00:00:31 (145 turns).

MacCMillion the Chiller (Gargoyle Ice Elementalist)  Turns: 145, Time: 00:00:32

Health: 0/10       AC:  4    Str: 11    XL:     1   Next: 50%
Magic:  0/3        EV: 11    Int: 15    God:
Gold:   25         SH:  0    Dex: 10    Spells: 3/4 levels left

rFire   . . .      SeeInvis .   (no weapon)
rCold   . . .      Faith    .   (no shield)
rNeg    + . .      Spirit   .   a - +0 robe
rPois   ∞          Reflect  .   (no helmet)
rElec   +          Harm     .   (no cloak)
rCorr   .          Rampage  .   (no gloves)
Will    .....                   (no boots)
Stlth   ++........              (no amulet)
HPRegen 0.03/turn               (no ring)
MPRegen 0.08/turn               (no ring)

@: no status effects
A: sickness immunity, AC +2, negative energy resistance 1, electricity
resistance, torment resistance 1, petrification resistance
a: no special abilities


You were on level 1 of the Dungeon.
You visited 1 branch of the dungeon, and saw 1 of its levels.

You collected 25 gold pieces.

Inventory:

Missiles
 b - 8 boomerangs of dispersal
Armour
 a - a +0 robe (worn)


   Skills:
 + Level 1.5 Dodging
 + Level 2.2 Stealth
 + Level 2.0 Spellcasting
 + Level 4.1 Ice Magic


You had 3 spell levels left.
You knew the following spells:

 Your Spells              Type           Power      Damage    Failure   Level
a - Freeze                Ice            52%        1d7       4%          1

Your spell library contained the following spells:

 Spells                   Type           Power      Damage    Failure   Level
 Frozen Ramparts          Ice            26%        1d4       12%         3
 Ozocubu's Armour         Ice            13%        N/A       12%         3
 Hailstorm                Conj/Ice       7%         3d4       67%         4


Dungeon Overview and Level Annotations

Branches:
Dungeon (1/15)

Altars:


Innate Abilities, Weirdness & Mutations

You are immune to sickness and miasma.
Your stone body is resilient. (AC +2)
You are immune to poison.
You resist negative energy. (rN+)
You are resistant to electric shocks. (rElec)
You are resistant to unholy torment.
You are immune to petrification.


Message History

HP restored.
Magic restored.
A goblin comes into view. It is wielding a +0 club.
The goblin shouts!
A rat comes into view.
Found 16 gold pieces.
There is an open door here.
You freeze the goblin.
You kill the goblin!
Things that are here:
a +0 club; a goblin corpse A rat is nearby!
Found 26 sling bullets.
You freeze the rat.
You kill the rat!
You now have 9 gold pieces.
Found 13 sling bullets.
Found a stone staircase leading down.
You now have 25 gold pieces (gained 16).
Found a stone staircase leading down.
b - 8 boomerangs of dispersal A quokka comes into view.
A quokka is nearby!
The quokka bites you.
The quokka bites you but does no damage.
Found 23 gold pieces.
You freeze the quokka.
The quokka is moderately wounded.
The quokka barely misses you.
You freeze the quokka.
The quokka is almost dead.
The quokka bites you.
You miscast Freeze.
You are very lightly contaminated with residual magic.
Nothing appears to happen.
The quokka closely misses you. The quokka bites you.
* * * LOW HITPOINT WARNING * * *
Your magical contamination has completely faded away.
The quokka bites you.
You die...

.......#...# ##.. ....##.....#
....$ ....#.....)# ...
###........######## ...
###............(> #.#
#.###....##### ###..#
#.###..#..# #...#
..##..†...########.######
..###.##.....@r............
########)##..#.........######.
#≈≈≈≈≈##'###...###......#
........8###.#.###.####..#
.<.........+.#.....# #.#
........8#######..## ..#
#≈≈≈≈≈##+# #..# #... #######
....# ### >.....


You could see a quokka.

Vanquished Creatures
  A goblin (D:1)
  A quokka (D:1)
  A rat (D:1)
3 creatures vanquished.

Notes
Turn   | Place    | Note
-------+----------+-------------------------------------------
     0 | D:1      | MacCMillion the Gargoyle Ice Elementalist began the quest
                  | for the Orb.
     0 | D:1      | Reached XP level 1. HP: 10/10 MP: 3/3
   145 | D:1      | Slain by a quokka

Illustrated notes

Levels and vault maps discovered:
D:1:      wander_arrival_chamber, layout_rooms

Action                   || total
-------------------------++-------
 Cast: Freeze            ||     7
Armor: Robe              ||     1
Dodge: Dodged            ||     3

Table legend: (Time is in decaauts)
 A = Elapsed time spent in this place.
 B = Non-inter-level travel time spent in this place.
 C = Inter-level travel time spent in this place.
 D = Time resting spent in this place.
 E = Time spent auto-exploring this place.
 F = Levels seen in this place.
 G = Mean time per level.
                   A        B        C        D        E       F      G
               +--------+--------+--------+--------+--------+-----+--------+
         Total |    145 |    145 |      0 |      0 |     96 |   1 |  145.0 |
       Dungeon |    145 |    145 |      0 |      0 |     96 |   1 |  145.0 |
               +--------+--------+--------+--------+--------+-----+--------+

Top non-repeatable levels by time:
     D:1: 145 daAuts
